 Dungeon Crawl Stone Soup version 0.25.0-9-g26727b657a (webtiles) character file.

Game seed: 3621800204468686449

27 Peloso the Covered (level 2, 27/27 HPs)
             Began as a Minotaur Fighter on June 21, 2020.
             Got out of the dungeon alive.
             The game lasted 00:02:08 (1234 turns).

Peloso the Covered (Minotaur Fighter)               Turns: 1234, Time: 00:02:09

Health: 27/27      AC:  8    Str: 19 (22) XL:     2   Next: 93%
Magic:  1/1        EV:  7    Int:  4 (5)  God:
Gold:   88         SH:  9    Dex:  7 (9)  Spells: 1/1 levels left

rFire    . . .     SeeInvis .   a - +0 long sword
rCold    . . .     Gourm    .   c - +0 kite shield
rNeg     . . .     Faith    .   e - +0 scale mail
rPois    .         Spirit   .   (helmet unavailable)
rElec    .         Reflect  .   (no cloak)
rCorr    .         Harm     .   n - +0 pair of gloves
MR       .....                  (no boots)
Stlth    ..........             (no amulet)
HPRegen  0.09/turn              (no ring)
MPRegen  0.07/turn              (no ring)

@: no status effects
A: retaliatory headbutt, horns 3, strong 1
a: no special abilities


You escaped.
You were not hungry.

You visited 1 branch of the dungeon, and saw 2 of its levels.

You collected 88 gold pieces.

Inventory:

Hand Weapons
 a - a +0 long sword (weapon)
 b - a +1 whip of venom
Missiles
 k - 37 bolts
Armour
 c - a +0 kite shield (worn)
 e - a +0 scale mail (worn)
 n - a +0 pair of gloves (worn)
Jewellery
 j - an uncursed amulet of regeneration {unknown}
Scrolls
 g - 2 scrolls of teleportation {unknown}
 h - 2 scrolls of amnesia {unknown}
 m - a scroll of remove curse {unknown}
Potions
 d - 2 potions of might
Comestibles
 f - 4 rations


   Skills:
 + Level 3.7 Fighting
 + Level 3.0 Long Blades
 + Level 4.1 Armour
 + Level 0.3 Dodging
 + Level 4.1 Shields


You had one spell level left.
You didn't know any spells.
Your spell library was empty.

Dungeon Overview and Level Annotations

Branches:
Dungeon (2/15)

Altars:
Ashenzari


Innate Abilities, Weirdness & Mutations

You reflexively headbutt those who attack you in melee.
You have a pair of large horns on your head.
Your muscles are strong. (Str +2)


Message History

You see here a +0 club.
Found a leather armour.
You see here a +0 club.
h - a dark potion It was a potion of mutation.
You feel extremely strange. The horns on your head grow some more.
You feel stronger.
f - 4 rations (gained 1)
h - 2 scrolls labeled CUKHIL SETU You see here a hunting sling.
(D) Dungeon
Where to? (Enter - D:12, ? - help)
What level of the Dungeon? (default 1, ? - help)
There is a stone staircase leading up here.
You see here a potion of degeneration.
You climb upwards.
There is a stone staircase leading down here.
All of the chunks of flesh in your inventory have rotted away.
There is a staircase leading out of the dungeon here.
Are you sure you want to leave the Dungeon?
This will make you lose the game!
You have escaped!

#...#..#.#.###.)###.#
....(.##.##..###.##)#
..##..#.##.#...#.##.#
#..#...#.######..##.####
.#...#..#...#.#####....#
.#.....#.###.#.####....#
#....#...#.#..#..##....#
.#....##.##.##..###....#
....#...##.#..#.@##..###
###################..#
################..#
#........>........#
#.#######.......#.# #.#
#.......#.# #.#
#.....[.#.# #.#
#.#######.# ####.# #.#
#.#


There were no monsters in sight!

Vanquished Creatures
  2 dart slugs (D:1)
  A leopard gecko (D:1)
  A ball python (D:1)
  3 bats (D:1)
  3 goblins (D:1)
  4 hobgoblins
  A frilled lizard (D:1)
  3 kobolds (D:1)
  3 rats (D:1)
21 creatures vanquished.

Notes
Turn   | Place    | Note
-------+----------+-------------------------------------------
     0 | D:1      | Peloso the Minotaur Fighter began the quest for the Orb.
     0 | D:1      | Reached XP level 1. HP: 19/19 MP: 0/0
   360 | D:1      | Reached XP level 2. HP: 27/27 MP: 1/1
   673 | D:1      | Found a shattered altar of Ashenzari.
  1114 | D:2      | Gained mutation: You have a pair of large horns on your
                  | head. [potion of mutation]
  1114 | D:2      | Gained mutation: Your muscles are strong. (Str +2) [potion
                  | of mutation]
  1234 | D:$      | Got out of the dungeon alive.

Illustrated notes

Levels and vault maps discovered:
D:1:      erik_arrival_cave_to_civilisation [erik_arrival_cave_to_hall],
          layout_basic, ashenzari_altar_1
D:2:      layout_basic, first_ration

Skill      XL: |  1  2 |
---------------+-------+-----
Armour         | 4 |  4.1
Shields        | 4 |  4.1
Long Blades    | 3 |  3.0
Fighting       | |  3.7
Dodging        | |  0.3

Action                   || total
-------------------------++-------
Melee: Long sword        ||    54
       Headbutt          ||     5
  Use: Potion            ||     3
  Eat: Chunk             ||     1
Armor: Scale mail        ||    27
Dodge: Dodged            ||    23
Block: Kite shield       ||    33
       Rpst.: Long sword ||     6
